 Dungeon Crawl Stone Soup version 0.30-a0-989-g0d87f670db (webtiles) character file.

Game seed: 11726198708079614293

352 jtron the Trooper (level 6, 0/67 HPs)
             Began as an Ogre Monk on Apr 3, 2023.
             Succumbed to a scorpion's poison
             ... on level 4 of the Dungeon.
             The game lasted 00:03:29 (1929 turns).

jtron the Trooper (Ogre Monk)                       Turns: 1929, Time: 00:03:30

Health: 0/67       AC:  3    Str: 18    XL:     6   Next: 61%
Magic:  6/6        EV: 10    Int: 11    God:
Gold:   169        SH:  0    Dex: 11    Spells: 5/5 levels left

rFire   . . .      SeeInvis .    a - +0 spear
rCold   . . .      Faith    .    (no shield)
rNeg    + . .      Spirit   .    s - +0 robe
rPois   .          Reflect  .    (helmet restricted)
rElec   .          Rampage  .    (no cloak)
rCorr   .                        (gloves unavailable)
Will    .....                    (boots unavailable)
Stlth   ++                       (no amulet)
HPRegen 0.31/turn                i - ring of positive energy
MPRegen 0.10/turn                (no ring)

@: mighty, lethally poisoned (0 -> -7)
A: large, unfitting armour, tough skin 1
a: no special abilities


You were on level 4 of the Dungeon.
You visited 1 branch of the dungeon, and saw 3 of its levels.

You collected 169 gold pieces.

Inventory:

Hand Weapons
 a - a +0 spear (weapon)
 b - a +0 sling
 r - a +1 dagger of pain
Missiles
 d - 20 poisoned darts
 e - a large rock (quivered)
 o - 3 javelins
 v - 4 atropa-tipped darts
Armour
 s - a +0 robe (worn)
Jewellery
 i - a ring of positive energy (left hand)
 p - a +6 ring of dexterity
Scrolls
 h - a scroll of brand weapon {unknown}
 j - 7 scrolls of identify {unknown}
 k - a scroll of teleportation {unknown}
 m - a scroll of vulnerability {unknown}
 w - a scroll of butterflies {unknown}
Potions
 c - a potion of ambrosia
 f - a potion of resistance {unknown}
 l - a potion of degeneration {unknown}
 n - a potion of heal wounds {unknown}
 q - a potion of flight {unknown}
 t - a potion of curing {unknown}
 u - a potion of magic {unknown}
 x - a potion of attraction {unknown}


   Skills:
 + Level 5.8 Fighting
 + Level 5.1 Polearms
 + Level 1.0 Ranged Weapons
 + Level 0.2 Throwing
 + Level 3.6 Dodging
 + Level 2.1 Stealth


You had 5 spell levels left.
You didn't know any spells.
Your spell library was empty.

Dungeon Overview and Level Annotations

Branches:
Dungeon (2/15)

Altars:


Innate Abilities, Weirdness & Mutations

You are too large for most types of armour.
You have tough skin. (AC +1)


Message History

You are too injured to fight recklessly!
You are too injured to fight recklessly!
You are too injured to fight recklessly!
You are too injured to fight recklessly!
You are too injured to fight recklessly!
You are too injured to fight recklessly!
You are too injured to fight recklessly!
You are too injured to fight recklessly!
You are too injured to fight recklessly!
You are too injured to fight recklessly!
You feel very mighty all of a sudden.
You feel extremely sick. The scorpion stings you.
* * * LOW HITPOINT WARNING * * *
The scorpion stings you.
* * * LOW HITPOINT WARNING * * *
You hit the scorpion but do no damage.
The scorpion is heavily wounded.
* * * LOW HITPOINT WARNING * * *
You feel very sick.
You barely miss the scorpion.
The scorpion is heavily wounded.
* * * LOW HITPOINT WARNING * * *
You feel very sick.
The scorpion stings you but does no damage.
The scorpion barely misses you.
You puncture the scorpion!
The scorpion is almost dead.
* * * LOW HITPOINT WARNING * * *
You feel very sick. The scorpion closely misses you.
You hit the scorpion.
You kill the scorpion!
* * * LOW HITPOINT WARNING * * *
You feel sick.
Your Polearms skill increases to level 5!
Your Ranged Weapons skill increases to level 1!
* * * LOW HITPOINT WARNING * * *
You feel very sick.
You die...

# #............ #
#....#.....## #
###....#.....#
###......#.....#
..+...###..##### ###.<.#
#.## ###...# ..#
..#...##.##############.
#.###.#..#......@.......
#..##...##.############.
##.#..............
#.#.#####.#######
#.....# #.# #.....# #.#
#.....# #.# #..#### #.#
##># #.#


There were no monsters in sight!

Vanquished Creatures
  A phantom (D:4)
  A bullfrog (D:4)
  A scorpion (D:4)
  An orc priest (D:4)
  A jelly (D:4)
  An adder (D:4)
  3 worms
  A dart slug (D:4)
  7 orcs (D:4)
  3 ball pythons
  5 bats
  5 endoplasms
  2 giant cockroaches
  4 goblins
  5 hobgoblins
  4 jackals (D:4)
  3 kobolds
  4 quokkas
  5 frilled lizards
  3 rats
60 creatures vanquished.

Notes
Turn   | Place    | Note
-------+----------+-------------------------------------------
     0 | D:1      | jtron the Ogre Monk began the quest for the Orb.
     0 | D:1      | Reached XP level 1. HP: 24/24 MP: 1/1
   219 | D:1      | Reached XP level 2. HP: 17/32 MP: 2/2
   807 | D:2      | Reached XP level 3. HP: 37/40 MP: 3/3
  1140 | D:2      | You fall into a shaft and drop 2 floors!
  1152 | D:4      | Noticed a bullfrog
  1162 | D:4      | Killed a bullfrog
  1163 | D:4      | Reached skill level 5 in Fighting
  1163 | D:4      | Reached XP level 4. HP: 21/50 MP: 4/4
  1317 | D:4      | Reached XP level 5. HP: 53/57 MP: 5/5
  1439 | D:4      | Noticed a phantom
  1470 | D:4      | Killed a phantom
  1471 | D:4      | Reached XP level 6. HP: 34/66 MP: 6/6
  1928 | D:4      | Reached skill level 5 in Polearms
  1928 | D:4      | Reached skill level 1 in Ranged Weapons
  1928 | D:4      | HP: 1/67 [poisoned by a scorpion]
  1929 | D:4      | Succumbed to a scorpion's poison

Illustrated notes

Levels and vault maps discovered:
D:1:      elethiomel_arrival_fortress_basement, layout_loops_ring
D:2:      layout_basic, hellmonk_ecumenical_altar_crossroads
D:4:      layout_basic, nicolae_overflow_hidden_temple

Skill      XL: |  1  2  3  4  5  6 |
---------------+-------------------+-----
Dodging        | 3 |  3.6
Fighting       | 5 |  5.8
Polearms       | 4 5 |  5.1
Stealth        | 2 |  2.1
Ranged Weapons | 1 |  1.0
Throwing       | |  0.2

Action                     |  1- 3 |  4- 6 || total
---------------------------+-------+-------++-------
  Melee: Spear             |   122 |   109 ||   231
         Punch             |     1 |     1 ||     2
   Fire: Sling             |       |    23 ||    23
  Throw: Large rock        |     2 |     2 ||     4
    Use: Potion            |       |     2 ||     2
   Stab: Sleeping          |     5 |     1 ||     6
 Armour: Robe              |    30 |    23 ||    53
  Dodge: Dodged            |    46 |    43 ||    89

Table legend: (Time is in decaauts)
 A = Elapsed time spent in this place.
 B = Non-inter-level travel time spent in this place.
 C = Inter-level travel time spent in this place.
 D = Time resting spent in this place.
 E = Time spent auto-exploring this place.
 F = Levels seen in this place.
 G = Mean time per level.
                   A        B        C        D        E       F      G
               +--------+--------+--------+--------+--------+-----+--------+
         Total |   1913 |   1908 |      5 |    365 |   1072 |   3 |  637.7 |
       Dungeon |   1913 |   1908 |      5 |    365 |   1072 |   3 |  637.7 |
               +--------+--------+--------+--------+--------+-----+--------+

Top non-repeatable levels by time:
     D:1: 792 daAuts
     D:4: 779 daAuts
     D:2: 342 daAuts
